 Dungeon Crawl Stone Soup version 0.27.1-2-g3b301248ec (webtiles) character file.

Game seed: 9893524000761085766

3110 AZSletch the Skirmisher (level 9, 0/93 HPs)
             Began as a Red Draconian Transmuter on Oct 1, 2021.
             Was a Follower of Makhleb.
             Slain by a troll (8 damage)
             ... on level 9 of the Dungeon.
             The game lasted 00:44:43 (12017 turns).

AZSletch the Skirmisher (Red Draconian Transmuter) Turns: 12017, Time: 00:44:44

Health: 0/93       AC:  7    Str: 15    XL:     9   Next: 60%
Magic:  8/17       EV: 11    Int: 15    God:    Makhleb [*.....]
Gold:   333        SH:  0    Dex: 11    Spells: 3/19 levels left

rFire    x . .     SeeInvis .     - Unarmed
rCold    + + +     Faith    .   (shield currently unavailable)
rNeg     . . .     Spirit   .   (armour unavailable)
rPois    +         Reflect  .   (helmet currently unavailable)
rElec    .         Harm     .   (cloak currently unavailable)
rCorr    .         Rampage  .   (gloves currently unavailable)
Will     .....                  (boots currently unavailable)
Stlth    +.........             (no amulet)
HPRegen  0.25/turn              f - ring of flight
MPRegen  0.15/turn              E - ring of wizardry

@: confusing by touch, ice-form, flying
A: freezing attack, amphibious, boosted hp, (breathe fire), AC +7, large,
unfitting armour, (fire resistance 1), (cold-blooded)
a: End Transformation, Renounce Religion


You were on level 9 of the Dungeon.
You worshipped Makhleb.
Makhleb was aware of your devotion.
You were a creature of crystalline ice.
You visited 2 branches of the dungeon, and saw 10 of its levels.

You collected 372 gold pieces.
You spent 39 gold pieces at shops.

Inventory:

Hand Weapons
 j - a +5 whip
 n - a +3 trident
 r - a +1 hunting sling of freezing (melded)
 x - a +3 vorpal flail
 A - a +1 antimagic dagger
Missiles
 h - 65 sling bullets
 o - 8 boomerangs (quivered)
 y - 21 poisoned darts
Armour
 g - a +0 cloak (melded)
 i - a +1 pair of gloves (melded)
Jewellery
 f - a ring of flight (left front paw)
 q - a ring of positive energy
 v - a ring of protection from cold
 E - a ring of wizardry (right front paw)
Wands
 B - a wand of charming (7)
 C - a wand of paralysis (10)
Scrolls
 a - 3 scrolls of identify {unknown}
 c - 3 scrolls of teleportation
 e - 4 scrolls of amnesia {unknown}
 t - 2 scrolls of enchant weapon {unknown}
 u - a scroll of enchant armour {unknown}
 w - a scroll of blinking {unknown}
 D - a scroll of fear {unknown}
 F - a scroll of noise {unknown}
Potions
 b - 2 potions of haste {unknown}
 d - a potion of flight {unknown}
 k - 2 potions of lignification {unknown}
 l - a potion of berserk rage {unknown}
 m - 4 potions of curing
 p - 3 potions of heal wounds {unknown}
 s - a potion of cancellation {unknown}
 z - a potion of invisibility {unknown}
 G - a potion of attraction {unknown}


   Skills:
 + Level 6.7 Fighting
 + Level 5.8 Dodging
 - Level 3.0 Unarmed Combat
 + Level 5.8 Spellcasting
 + Level 1.1 Hexes
 + Level 0.5 Necromancy
 + Level 6.4 Transmutations
 - Level 3.0 Ice Magic
 - Level 2.0 Poison Magic
 * Level 2.8 Invocations


You had 3 spell levels left.
You knew the following spells:

 Your Spells              Type           Power      Damage    Failure   Level
a - Beastly Appendage     Tmut           46%        N/A       1%          1
b - Wereblood             Tmut           23%        N/A       1%          2
c - Spider Form           Tmut/Pois      8%         N/A       3%          3
d - Ice Form              Ice/Tmut       18%        N/A       9%          4
e - Vampiric Draining     Necr           3%         2d6       14%         3
f - Confusing Touch       Hex            7%         N/A       12%         3

Your spell library contained the following spells:

 Spells                   Type           Power      Damage    Failure   Level
 Pain                     Necr           24%        1d5       4%          1
 Slow                     Hex            7%         N/A       6%          2
 Portal Projectile        Hex/Tloc       12%        N/A       14%         3
 Blade Hands              Tmut           11%        N/A       12%         5
 Agony                    Necr           6%         N/A       75%         5
 Excruciating Wounds      Necr           3%         N/A       75%         5


Dungeon Overview and Level Annotations

Branches:
Dungeon (9/15)             Temple (1/1) D:7
   Lair: D:8-11         Orc: D:9-12

Altars:
Ashenzari
Cheibriados
Dithmenos
Elyvilon
Fedhas
Gozag
Kikubaaqudgha
Makhleb
Nemelex Xobeh
Okawaru
Qazlal
Ru
Trog
Uskayaw
Vehumet
Wu Jian
Xom
Zin
The Shining One

Shops:
D:5 [[=*   D:9 (

Annotations:
D:3 1 runed translucent door, Crazy Yiuf
D:4 3 runed translucent doors, imbaldmole's ghost, novice OpBr
D:7 Joseph


Innate Abilities, Weirdness & Mutations

You are a creature of crystalline ice.
You have a powerful freezing melee attack.
You are amphibious.
Your maximum health is increased.
Your armour is entirely melded.
You are incapable of wielding weapons or throwing items.
((You can breathe blasts of fire.))
((Your fiery red scales are hard. (AC +7)))
You cannot fit into any form of body armour.
((Your flesh is heat resistant. (rF+)))
((You are cold-blooded and may be slowed by cold attacks.))


Message History

Confirm with . or Enter, or press ? or * to list all spells.
Your front paws begin to glow red.
You warm up again.
Your +1 hunting sling of freezing unmelds from your body.
Your +0 cloak unmelds from your body.
Your +1 pair of gloves unmelds from your body.
Your +1 hunting sling of freezing is covered in frost.
The troll closely misses you. x2; The troll claws you but does no damage.
Really attack while wielding your +1 hunting sling of freezing? [Y]es or [N]o only, please.
Really attack while wielding your +1 hunting sling of freezing?
You clumsily bash the troll but do no damage.
The troll is lightly wounded.
The troll bites you but does no damage. The troll barely misses you.
The troll misses you.
Casting: Confusing Touch (dangerous; 12% risk of failure)
Confirm with . or Enter, or press ? or * to list all spells.
Your hands begin to glow brighter.
The troll bites you! The troll claws you but does no damage.
The troll closely misses you.
You clumsily bash the troll but do no damage.
You tail-slap the troll, but do no damage.
The troll is lightly wounded.
The troll bites you but does no damage. The troll misses you.
The troll closely misses you. The troll bites you!
The troll claws you but does no damage. The troll claws you!
Casting: Confusing Touch (dangerous; 12% risk of failure)
Confirm with . or Enter, or press ? or * to list all spells.
You turn into a creature of crystalline ice.
Your +1 hunting sling of freezing melds into your body.
Your +0 cloak melds into your body.
Your +1 pair of gloves melds into your body.
Your +1 hunting sling of freezing stops glowing.
The troll bites you!
* * * LOW HITPOINT WARNING * * *
The troll barely misses you. The troll claws you!
* * * LOW HITPOINT WARNING * * *
You barely miss the troll. The troll bites you!
* * * LOW HITPOINT WARNING * * *
The troll claws you!
You die...

.## #...# #...# #.#. ....
#...# #...##########.##
.....#...# #...#........#.##
.....##'#####'##.....†......
.....##.#...............####
#.....####...........# #
#.....# #....####...# #
#....K####....# #...# #
#....KKTY..#### #...# #
##...K###### #...# # #....#
##### . #.K.T# #..K.# #.?..#
......# ....KK.# #...(...#


You could see a troll, a kobold brigand and 3 kobolds.

Vanquished Creatures
  Edmund (D:5)
  Duvessa (D:6)
  2 water moccasins
  2 ice beasts (D:5)
  A necrophage (D:5)
  2 black bears (D:5)
  An ogre (D:7)
  2 centaurs
  2 phantoms (D:5)
  A kobold brigand (D:8)
  3 bullfrogs
  A wyvern zombie (D:9)
  Dowan (D:6)
  3 scorpions
  A water moccasin skeleton (D:7)
  A water moccasin zombie (D:3)
  4 killer bees (D:9)
  A howler monkey (D:8)
  2 centaur zombies (D:8)
  4 gnoll shamans
  2 hounds
  An orc priest (D:5)
  A bullfrog skeleton (D:4)
  2 centaur skeletons
  3 iguanas
  Terence (D:3)
  2 orc wizards
  A hound zombie (D:5)
  2 howler monkey zombies
  27 gnolls
  8 adders
  A howler monkey skeleton (D:7)
  An ufetubus (D:6)
  3 adder skeletons
  3 worms
  3 dart slugs
  8 orcs
  2 bats
  5 endoplasms
  7 goblins
  5 hobgoblins
  7 jackals
  6 kobolds
  A quokka (D:1)
  3 ball pythons
  3 frilled lizards
  8 rats
152 creatures vanquished.

Notes
Turn   | Place    | Note
-------+----------+-------------------------------------------
     0 | D:1      | AZSletch the Draconian Transmuter began the quest for the
                  | Orb.
     0 | D:1      | Reached XP level 1. HP: 16/16 MP: 3/3
   316 | D:1      | Found a faded altar of an unknown god.
   363 | D:1      | Reached XP level 2. HP: 21/23 MP: 3/5
   370 | D:1      | Learned a level 2 spell: Wereblood
  1215 | D:2      | Reached XP level 3. HP: 29/29 MP: 2/6
  1819 | D:2      | Reached XP level 4. HP: 19/37 MP: 7/7
  2464 | D:2      | Learned a level 3 spell: Spider Form
  2624 | D:3      | Reached XP level 5. HP: 31/42 MP: 6/9
  2778 | D:3      | Found a runed translucent door.
  2779 | D:3      | Noticed Crazy Yiuf
  2897 | D:3      | Reached skill level 1 in Poison Magic
  3124 | D:3      | Noticed Terence
  3134 | D:3      | Killed Terence
  3393 | D:3      | Found an ornate altar of the Wu Jian Council.
  3794 | D:4      | Found a runed translucent gate.
  3794 | D:4      | Found a runed translucent gate.
  3794 | D:4      | Found a runed translucent gate.
  3794 | D:4      | Found an opulent altar of Gozag.
  3952 | D:4      | Reached XP level 6. HP: 51/51 MP: 6/10
  4530 | D:4      | Noticed a wyvern
  4530 | D:4      | Noticed imbaldmole's ghost (novice OpBr)
  4586 | D:4      | Found a glowing golden altar of the Shining One.
  4736 | D:5      | Entered Level 5 of the Dungeon
  4773 | D:5      | Learned a level 4 spell: Ice Form
  5108 | D:5      | Your scales start taking on a fiery red colour.
  5108 | D:5      | Reached XP level 7. HP: 39/58 MP: 9/12
  5108 | D:5      | Gained mutation: Your flesh is heat resistant. (rF+) [Red
                  | Draconian growth]
  5224 | D:5      | Found Vurotygg's Armour Shoppe.
  5281 | D:5      | Found Ysaemuaj's Jewellery Shop.
  5510 | D:5      | Reached skill level 1 in Ice Magic
  5596 | D:5      | Found Noicros's General Store.
  5931 | D:5      | Found a blossoming altar of Fedhas.
  5952 | D:5      | Found a broken altar of Ashenzari.
  6095 | D:5      | Found Beot's Armour Boutique.
  6177 | D:5      | Bought a potion of curing for 39 gold pieces
  6723 | D:5      | Reached XP level 8. HP: 58/67 MP: 12/14
  6751 | D:5      | HP: 3/67 [poisoned by a water moccasin]
  7103 | D:5      | Reached skill level 5 in Fighting
  7389 | D:6      | Noticed Edmund
  7430 | D:5      | Reached skill level 5 in Transmutations
  7562 | D:5      | Killed Edmund
  7911 | D:6      | Noticed Duvessa
  7919 | D:6      | Noticed Dowan
  8029 | D:6      | Reached skill level 5 in Dodging
  8029 | D:6      | Reached skill level 5 in Spellcasting
  8354 | D:6      | Killed Duvessa
  8365 | D:6      | Killed Dowan
  8642 | D:7      | Reached XP level 9. HP: 59/75 MP: 12/16
  8724 | D:7      | Found a staircase to the Ecumenical Temple.
  8735 | Temple   | Entered the Ecumenical Temple
  8864 | Temple   | Became a worshipper of Makhleb the Destroyer
  9550 | D:7      | Noticed Joseph
 10489 | D:7      | Reached skill level 1 in Invocations
 10743 | D:8      | Found a radiant altar of Vehumet.
 10854 | D:8      | Learned a level 3 spell: Vampiric Draining
 11378 | D:9      | Reached * piety under Makhleb
 11392 | D:9      | Reached skill level 1 in Hexes
 11698 | D:8      | Learned a level 3 spell: Confusing Touch
 11847 | D:9      | Found Yfehomae's Antique Weapon Shop.
 12001 | D:9      | Noticed a troll
 12017 | D:9      | Slain by a troll

Illustrated notes

Levels and vault maps discovered:
D:1:      onia_arrival_pentagram, layout_basic,
          hellmonk_ecumenical_altar_heavens_door
D:2:      layout_loops_corners
D:3:      layout_loops_ring, nzn_wu_jian_council_hall, uniq_crazy_yiuf_cottage,
          uniq_terence
D:4:      layout_rooms, tso_altar, ebering_ghost_gozag
D:5:      layout_loops_ring, fedhas_altar_1, cheibrodos_ashenzari_chains,
          serial_shops, nicolae_shop_window_shopping, kennysheep_little_box,
          nicolae_shop_waterfront, nicolae_shop_waterfront,
          chequers_serial_rivers_micro_d
D:6:      layout_rooms, uniq_edmund, uniq_duvessa
D:7:      layout_gridville, minmay_temple_entry_large_hall,
          minmay_fractal_squares_gapless_5, uniq_joseph
D:8:      layout_basic, nicolae_vehumet_altar_sigil
D:9:      layout_basic, gammafunk_temple_overflow_forgotten, serial_shops, shop,
          nrook_uturn
Temple:   dshaligram_water_room_temple

Skill      XL: |  1  2  3  4  5  6  7  8  9 |
---------------+----------------------------+-----
Dodging        | 2 3 4 5 |  5.8
Fighting       | 2 3 4 6 |  6.7
Transmutations | 3 4 5 6 |  6.4
Poison Magic   | 1 2 |  2.0
Spellcasting   | 3 4 5 |  5.8
Ice Magic      | 2 3 |  3.0
Invocations    | 2 |  2.8
Hexes          | 1 |  1.1
Unarmed Combat | |  3.0
Necromancy     | |  0.5

Action                   |  1- 3 |  4- 6 |  7- 9 || total
-------------------------+-------+-------+-------++-------
Melee: Unarmed           |    62 |    53 |   205 ||   320
       Headbutt          |    10 |     7 |    11 ||    28
       Kick              |    10 |    12 |    14 ||    36
       Tailslap          |     7 |     9 |    12 ||    28
       Whip              |       |    78 |    67 ||   145
       Flail             |       |       |    29 ||    29
       Hunting sling     |       |       |     2 ||     2
       Punch             |       |       |     2 ||     2
 Fire: Hunting sling     |    25 |    55 |    99 ||   179
Throw: Boomerang         |       |       |     4 ||     4
 Cast: Beastly Appendage |    20 |    15 |     7 ||    42
       Wereblood         |     4 |     8 |     7 ||    19
       Spider Form       |       |     8 |    22 ||    30
       Ice Form          |       |       |     7 ||     7
       Confusing Touch   |       |       |     2 ||     2
 Abil: End Transformatio |       |       |     5 ||     5
  Use: Scroll            |       |       |     2 ||     2
       Potion            |       |       |     1 ||     1
 Stab: Sleeping          |     1 |       |       ||     1
Armor: Skin              |    13 |    35 |    97 ||   145
Dodge: Dodged            |    29 |   108 |   328 ||   465
